 Dungeon Crawl Stone Soup version 0.29.1 (webtiles) character file.

Game seed: 2480497496146619451

1402 raistware the Conjurer (level 8, 0/46 HPs)
             Began as an Octopode Conjurer on Sept 14, 2022.
             Slain by Pikel
             ... wielding a +2 whip of freezing
              (2 damage)
             ... on level 6 of the Dungeon.
             The game lasted 00:13:49 (7639 turns).

raistware the Conjurer (Octopode Conjurer)          Turns: 7639, Time: 00:13:50

Health: 0/46       AC:  1    Str:  6    XL:     8   Next: 69%
Magic:  0/19       EV: 13    Int: 28    God:
Gold:   236        SH:  0    Dex: 17    Spells: 16/21 levels left

rFire   . . .      SeeInvis .   (no weapon)
rCold   . . .      Faith    .   (no shield)
rNeg    . . .      Spirit   .   (helmet restricted)
rPois   .          Reflect  .   (no amulet)
rElec   .          Harm     .   i - +6 ring of dexterity
rCorr   .          Rampage  .   n - +6 ring of intelligence
Will    .....                   (no ring)
Stlth   +++.......              (no ring)
HPRegen 0.15/turn               (no ring)
MPRegen 0.16/turn               (no ring)
                                (no ring)
                                (no ring)

@: about to teleport
A: almost no armour, amphibious, 8 rings, camouflage 1, gelatinous body 1,
(nimble swimmer 1), tentacles
a: no special abilities


You were on level 6 of the Dungeon.
You visited 1 branch of the dungeon, and saw 8 of its levels.

You collected 236 gold pieces.

Inventory:

Missiles
 h - 5 silver boomerangs
Armour
 p - an orb of light
Jewellery
 i - a +6 ring of dexterity (left tentacle)
 n - a +6 ring of intelligence (right tentacle)
Scrolls
 b - 5 scrolls of magic mapping
 c - a scroll of summoning {unknown}
 k - a scroll of teleportation
 l - 2 scrolls of immolation {unknown}
 r - a scroll of vulnerability {unknown}
 s - a scroll of blinking {unknown}
 t - a scroll of butterflies {unknown}
 u - 2 scrolls of amnesia {unknown}
Potions
 a - a potion of magic
 e - 2 potions of lignification
 f - 3 potions of cancellation
 j - a potion of curing
 m - a potion of berserk rage
 o - a potion of flight
 q - 2 potions of heal wounds
 v - a potion of haste


   Skills:
 - Level 2.0 Dodging
 - Level 3.0 Stealth
 + Level 7.4 Spellcasting
 + Level 7.6 Conjurations
 - Level 2.0 Translocations


You had 16 spell levels left.
You knew the following spells:

 Your Spells              Type           Power      Damage    Failure   Level
a - Magic Dart            Conj           100%       1d8       1%          1
b - Iskenderun's Mystic   Conj/Tloc      37%        2d9       7%          4

Your spell library contained the following spells:

 Spells                   Type           Power      Damage    Failure   Level
 Searing Ray              Conj           100%       2d8       1%          2
 Dazzling Flash           Conj/Hex       62%        N/A       3%          3
 Fulminant Prism          Conj/Hex       15%        3d11      11%         4


Dungeon Overview and Level Annotations

Branches:
Dungeon (8/15)
 Temple: D:4-7         Lair: D:8-11

Altars:
Ashenzari
Makhleb
Uskayaw

Shops:
D:2 (   D:5 *   D:6 [?

Annotations:
D:3 3 runed translucent doors, mtoz's ghost, amateur GrFi
D:5 Edmund
D:6 Dowan; Duvessa; Pikel
D:8 1 transporter


Innate Abilities, Weirdness & Mutations

You cannot wear most types of armour.
You are amphibious.
You can wear up to eight rings at the same time.
Your skin changes colour to match your surroundings (Stealth+).
Your rubbery body absorbs attacks. (AC +1, EV +1)
((You are camouflaged when in or above water. (Stealth+)))
You have tentacles for arms and can constrict up to eight enemies at once.


Message History

The lemure is moderately wounded.
The lemure is knocked back by the mystic blast.
The mystic blast hits Pikel!
Pikel is moderately wounded.
Pikel is knocked back by the mystic blast.
Pikel collides with the lemure!
The lemure is moderately wounded.
You hear a shout!
The lemure is engulfed in poison gas.
The lemure is poisoned.
Unknown command.
Casting: Iskenderun's Mystic Blast (dangerous; 7% risk of failure)
Confirm with . or Enter, or press ? or * to list all spells.
You erupt in a blast of force!
The mystic blast hits the lemure!
The lemure is severely wounded.
The lemure is knocked back by the mystic blast.
The mystic blast hits Pikel!
Pikel is heavily wounded.
Pikel is knocked back by the mystic blast.
Pikel collides with the lemure!
The lemure is almost dead.
Unknown command.
Casting: Iskenderun's Mystic Blast (dangerous; 7% risk of failure)
Confirm with . or Enter, or press ? or * to list all spells.
You erupt in a blast of force!
The mystic blast hits Pikel but does no damage.
Pikel is heavily wounded.
The lemure is engulfed in poison gas.
The lemure looks even sicker.
You kill the lemure!
That felt strangely unrewarding.
Pikel hits you with a +2 whip of freezing!
* * * LOW HITPOINT WARNING * * *
Pikel freezes you.
* * * LOW HITPOINT WARNING * * *
Unknown command.
As you read the scroll labelled QEOTINWUDY, it crumbles to dust.
You feel strangely unstable.
It was a scroll of teleportation.
Pikel hits you with a +2 whip of freezing.
* * * LOW HITPOINT WARNING * * *
Pikel freezes you.
You die...

.........#....#
.........#§...#
.........#.§..#
.........###§#######
'####'######§##§§§§#
.........§§§§§§§§§§#
.........§§§§§§§§§§#
.........§§§§§§§§§§#
.........§§§§§§§@§§#
.........§§§§§§§K§§#
.........§§§§§§§.§§#
'##....##§####§§§§§#
..##'####+####§§§§§#
......)......§§§§§§#
.###########§§§5§§§#
.# .ee. .§§5§§§§§#
.# ########.......#


You could see Pikel (fast) and 2 lemures.

Vanquished Creatures
  A black bear (D:5)
  2 ogres
  A lemure (D:6)
  A phantom (D:5)
  2 bullfrogs
  3 necrophages
  A scorpion (D:3)
  3 howler monkeys
  A jelly (D:5)
  3 hounds
  2 orc priests
  2 iguanas
  Natasha (thrice) (D:3)
  3 orc wizards
  3 gnolls (D:2)
  4 adders
  A shadow imp (D:5)
  2 white imps (D:5)
  An ufetubus (D:6)
  2 worms (D:4)
  2 dart slugs
  26 orcs
  6 ball pythons
  9 endoplasms
  6 giant cockroaches
  3 goblins
  5 hobgoblins
  4 quokkas
  7 bats
  2 frilled lizards
  6 kobolds
  5 rats
122 creatures vanquished.

Notes
Turn   | Place    | Note
-------+----------+-------------------------------------------
     0 | D:1      | raistware the Octopode Conjurer began the quest for the
                  | Orb.
     0 | D:1      | Reached XP level 1. HP: 11/11 MP: 3/3
   372 | D:1      | Reached XP level 2. HP: 17/17 MP: 1/5
  1001 | D:1      | Reached XP level 3. HP: 21/21 MP: 4/7
  1475 | D:2      | Found Zucugikh's Antique Weapon Emporium.
  1551 | D:2      | Reached XP level 4. HP: 27/27 MP: 7/9
  1577 | D:2      | Learned a level 4 spell: Iskenderun's Mystic Blast
  1960 | D:2      | Found a faded altar of an unknown god.
  2024 | D:3      | Reached skill level 1 in Translocations
  2053 | D:3      | Found a runed translucent gate.
  2057 | D:3      | Noticed mtoz's ghost (amateur GrFi)
  2058 | D:3      | Found a runed translucent gate.
  2059 | D:3      | Found a runed translucent gate.
  2224 | D:3      | Found a burning altar of Makhleb.
  2722 | D:3      | Noticed a scorpion
  2983 | D:3      | Noticed Natasha
  2988 | D:3      | Killed Natasha
  2989 | D:3      | Reached XP level 5. HP: 31/31 MP: 5/11
  3405 | D:3      | Noticed Natasha
  3418 | D:3      | Killed Natasha
  3566 | D:3      | Noticed Natasha
  3570 | D:3      | Killed Natasha
  3571 | D:3      | Reached XP level 6. HP: 30/36 MP: 7/12
  3821 | D:4      | Reached skill level 5 in Conjurations
  4140 | D:4      | Reached skill level 5 in Spellcasting
  4350 | D:4      | Found a broken altar of Ashenzari.
  4514 | D:4      | Reached XP level 7. HP: 41/41 MP: 8/15
  4663 | D:5      | Entered Level 5 of the Dungeon
  4986 | D:5      | Noticed Edmund
  5414 | D:5      | Reached XP level 8. HP: 46/46 MP: 6/17
  5659 | D:5      | Found Areasuc's Gadget Gallery.
  6391 | D:5      | Found a hide-covered altar of Uskayaw.
  6781 | D:6      | You fall into a shaft and drop 2 floors!
  6853 | D:8      | Noticed a yak
  6870 | D:8      | Noticed a two-headed ogre
  6894 | D:8      | Found a transporter.
  7368 | D:6      | Found Gejuadant's Antique Armour Boutique.
  7371 | D:6      | Noticed Dowan
  7372 | D:6      | Found Jorchuaxo's Magic Scroll Shoppe.
  7372 | D:6      | Noticed Duvessa
  7373 | D:6      | Identified the +2 falchion of Peace {flame, rPois rF-
                  | Str+7}
  7623 | D:6      | Noticed Pikel
  7639 | D:6      | HP: 2/46 [Pikel/+2 whip of freezing (5)]
  7639 | D:6      | Slain by Pikel

Illustrated notes

Levels and vault maps discovered:
D:1:      dpeg_arrival_simpleton_a, layout_basic
D:2:      wander_river, layout_rooms, serial_shops, nicolae_shop_crystal,
          ebering_ecumenical_altar_mist
D:3:      layout_loops_ring, mainiacjoe_overflow_alcove_4,
          gammafunk_ghost_split, kennysheep_cluttered_room,
          minmay_misc_feat_secret_circle, uniq_natasha
D:4:      cheibrodos_helix_gallery, layout_gridville, marbit_many_paths,
          minmay_crystal_room, serial_bayou_pond_a, moated_statue
D:5:      layout_loops_corners, mainiacjoe_overflow_tiny_flanked,
          minmay_misc_feat_doors, nicolae_shop_gadgets, uniq_edmund
D:6:      layout_gridville, minmay_temple_entry_glassed_door, serial_shops,
          shop, nicolae_inconvenience_store, nicolae_shop_behind_doors,
          uniq_sigmund, uniq_pikel, uniq_duvessa
D:7:      layout_cave_pools, slow_altar_2, overflow_temple_1_default,
          serial_shops, shop, uniq_menkaure
D:8:      layout_rooms, minmay_lair_entry_grove, st_stairs_14,
          serial_nicolae_subway, nicolae_sub_station_crystal,
          nicolae_sub_station_metal, nicolae_sub_station_stone

Skill      XL: |  1  2  3  4  5  6  7  8 |
---------------+-------------------------+-----
Stealth        | 3 |  3.0
Spellcasting   | 3 4 5 6 7 |  7.4
Translocations | 2 |  2.0
Conjurations   | 5 6 7 |  7.6
Dodging        | |  2.0

Action                   |  1- 3 |  4- 6 |  7- 9 || total
-------------------------+-------+-------+-------++-------
Melee: Unarmed           |    11 |     3 |     7 ||    21
       Constrict         |     2 |     1 |     2 ||     5
       Tentacles         |     2 |     1 |     2 ||     5
 Cast: Magic Dart        |    67 |   129 |   153 ||   349
       Iskenderun's Myst |       |     2 |    13 ||    15
  Use: Potion            |       |     1 |       ||     1
       Scroll            |       |       |    10 ||    10
Armor: Skin              |     1 |     6 |       ||     7
Dodge: Dodged            |    10 |     8 |    20 ||    38
